Lethendil, chaotic female elven Ranger ------ ----- |....| |...| |.`..----...| |...........| |..--->---..| |---------.--- |....^<|.a.a.| |..----|..@a.| --.| |..`..| |.-----.....| |...........| |..---------- ---- Lethendil the Trailblazer Experience level: 6 Strength: 15 Dexterity: 12 Constitution: 16 Intelligence: 15 Wisdom: 13 Charisma: 7 Health: 0(38) Energy: 33(33) Def: 10 Gold: 0 Moves: 3399 Dungeon seed: ADV3hrThEE5wJssN Game ID: Lethendil_1474298319 Your Inventory: Amulets I - an uncursed amulet of reflection (being worn) Weapons a - a +1 elven dagger (weapon in hand) b - a blessed +1 elven bow (alternate weapon; not wielded) c - 45 +2 elven arrows (in quiver) d - 38 +0 elven arrows r - a +0 elven dagger N - a +0 orcish dagger O - 19 +0 arrows Armor e - a blessed +2 elven cloak (being worn) n - an uncursed +1 chain mail (being worn) z - an uncursed +0 dwarvish cloak Y - an uncursed +0 pair of low boots (being worn) Comestibles f - 3 uncursed lembas wafers i - an uncursed carrot k - an uncursed lizard corpse T - an uncursed egg W - 2 uncursed food rations Z - an uncursed cream pie Wands l - a wand of lightning (0:3) J - a wand of cancellation (0:7) X - a wand of striking (0:7) Tools v - a +0 pick-axe B - a cursed sack K - a cursed oil lamp (0:1324) L - a cursed lock pick Contents of the sack: 935 gold pieces an uncursed scroll of blank paper a cursed scroll of blank paper a blessed scroll of earth an uncursed scroll of earth a cursed scroll of gold detection a cursed scroll of identify an uncursed potion of gain ability an uncursed potion of hallucination an uncursed potion of healing 2 cursed potions of sickness an uncursed potion of water a cursed ring of hunger a cursed ring of teleportation a cursed wand of striking (0:5) Spells and supernatural/magical abilities: Name Level Category Fail Memory W - pray for help -- divine ? -- Your skills at the end: Fighting Skills Weapon Skills dagger [Basic] bow [Basic] Spellcasting Skills Final Attributes: You were piously aligned. You were sleep resistant. You were telepathic. You had automatic searching. You had infravision. You were stealthy. You had reflection. You are dead. Vanquished creatures: a quivering blob a leprechaun a lizard 2 gnome lords 2 paper golems 3 floating eyes a dwarf a kobold lord a centipede 2 giant bats 2 dwarf zombies 2 iguanas 4 killer bees a coyote 2 hobbits 2 manes a large kobold a giant rat 4 cave spiders a brown mold a yellow mold 4 gnomes 9 garter snakes 3 geckos 2 jackals 2 foxes a kobold a goblin 3 sewer rats 8 grid bugs 5 bats 2 kobold zombies 9 newts 85 creatures vanquished. Voluntary challenges: You used a wielded weapon 94 times, starting on turn 115. You read items or engraved 7 times, starting on turn 439. You never genocided any monsters. You never polymorphed an object. You never changed form. You used no wishes. You never split a pudding. You wrote Elbereth's name 6 times, starting on turn 439. You never violated your personal moral code. Dungeon overview: The Dungeons of Doom: levels 1 to 8 Level 1 a fountain a long staircase Level 2 an altar to Venus, a fountain Level 3 (stash) some fountains stairs to The Gnomish Mines Level 4 an altar to Mars, a fountain Level 5 an altar to Mars, a sink Level 6 Level 7 a fountain stairs to Sokoban Level 8 The Gnomish Mines: Level 4 stairs to The Dungeons of Doom Sokoban: Level 6 <- You were here stairs to The Dungeons of Doom History has recorded: On T:1 you entered the Dungeons of Doom to retrieve the Amulet of Yendor! On T:319 you reached level 2 of The Dungeons of Doom. On T:429 you reached level 3 of The Dungeons of Doom. On T:644 you advanced to experience level 2. On T:767 you reached level 1 of The Gnomish Mines. On T:778 you advanced to experience level 3. On T:903 you advanced to experience level 4. On T:1008 you reached level 4 of The Dungeons of Doom. On T:1898 you reached level 5 of The Dungeons of Doom. On T:1939 you advanced to experience level 5. On T:2193 you reached level 6 of The Dungeons of Doom. On T:2609 you reached level 7 of The Dungeons of Doom. On T:2692 you reached level 8 of The Dungeons of Doom. On T:2806 you advanced to experience level 6. On T:2992 you reached level 4 of Sokoban. Score breakdown: Gold: 935 (10107 points) Experience: 6 levels (12456 points) Exploration: 8 levels ( 15.38%) (11114 points) Discoveries: 2 items ( 0.69%) ( 2491 points) Valuables value: (no points given unless you survive) Artifact value: 0 ( 0 points) Variety of kills: 33 monsters ( 8.66%) ( 8829 points) Turncount: 3399 turns ( -784 points) Survival: died (score multiplied by 80%) Total score: 35370 Latest messages: Where do you want to travel to? You feel strong! You must have been exercising. You feel agile! You must have been working on your reflexes. With great effort you move the boulder. (3x) The fire ant misses. (2x) The fire ant bites! (6x) You're on fire! The fire ant just misses! The fire ant misses. (2x) The fire ant bites! The fire ant misses. The fire ant bites! The fire ant misses. (3x) The fire ant bites! You're on fire! The fire ant bites! The fire ant misses. The fire ant bites! You die... Final status: Goodbye Lethendil the Ranger, killed by a fire ant... You died in Sokoban on dungeon level 6 with 35370 points, and 935 pieces of gold, after 3399 moves. You were level 6 with a maximum of 38 hit points when you died.